 Dungeon Crawl Stone Soup version 0.29.1-13-g9f3cf754e1 (webtiles) character file.

Game seed: 6164177034621316517

78 javelincjr the Ruffian (level 4, -2/42 HPs)
             Began as a Troll Warper on Feb 6, 2023.
             Slain by Sigmund
             ... wielding a +0 scythe
              (8 damage)
             ... on level 2 of the Dungeon.
             The game lasted 00:04:13 (1091 turns).

javelincjr the Ruffian (Troll Warper)               Turns: 1091, Time: 00:04:13

Health: -2/42      AC:  4    Str: 22    XL:     4   Next: 15%
Magic:  2/4        EV: 10    Int:  9    God:
Gold:   62         SH:  0    Dex: 12    Spells: 3/5 levels left

rFire   . . .      SeeInvis .     - Unarmed
rCold   . . .      Faith    .   (no shield)
rNeg    . . .      Spirit   .   a - +0 robe
rPois   .          Reflect  .   (helmet restricted)
rElec   .          Harm     .   (no cloak)
rCorr   .          Rampage  .   (gloves unavailable)
Will    .....                   (boots unavailable)
Stlth   +.........              (no amulet)
HPRegen 0.94/turn               (no ring)
MPRegen 0.09/turn               (no ring)

@: very slightly contaminated
A: large, unfitting armour, claws 3, regeneration 1, shaggy fur 1, tough skin 1,
agile 1, low MP 1, strong 1
a: no special abilities


You were on level 2 of the Dungeon.
You visited 1 branch of the dungeon, and saw 2 of its levels.

You collected 62 gold pieces.

Inventory:

Missiles
 c - 7 boomerangs of dispersal (quivered)
Armour
 a - a +0 robe (worn)
Scrolls
 b - 2 scrolls of blinking
 e - 2 scrolls of identify {unknown}
 g - a scroll of enchant weapon {unknown}


   Skills:
 + Level 2.0 Fighting
 + Level 0.8 Throwing
 + Level 2.3 Dodging
 + Level 3.1 Unarmed Combat
 + Level 1.4 Spellcasting
 + Level 2.5 Translocations


You had 3 spell levels left.
You knew the following spells:

 Your Spells              Type           Power      Damage    Failure   Level
a - Blink                 Tloc           10%        N/A       19%         2

Your spell library contained the following spells:

 Spells                   Type           Power      Damage    Failure   Level
 Gell's Gravitas          Tloc           5%         N/A       36%         3
 Lesser Beckoning         Tloc           5%         N/A       36%         3
 Teleport Other           Tloc           5%         N/A       36%         3
 Manifold Assault         Tloc           5%         N/A       98%         5


Dungeon Overview and Level Annotations

Branches:
Dungeon (2/15)

Altars:

Annotations:
D:2 Sigmund


Innate Abilities, Weirdness & Mutations

You are too large for most types of armour.
You have claws for hands.
Your natural rate of healing is unusually fast.
You are covered in fur. (AC +1)
You have tough skin. (AC +1)
You are agile. (Dex +4, Str/Int -1)
Your magical capacity is low. (-10% MP)
Your muscles are strong. (Str +4, Int/Dex -1)


Message History

The crimson imp disappears in a puff of smoke!
Your Unarmed Combat skill increases to level 3!
You have reached level 4!
You start resting.
HP restored.
Sigmund shouts!
Sigmund casts a spell at you. The magic dart hits you.
Sigmund zaps a wand.
The bolt of dispelling energy hits you!
Your magical effects are unravelling.
You feel yourself speed up.
Sigmund zaps a wand.
The bolt of dispelling energy hits you!
* * * LOW HITPOINT WARNING * * *
Sigmund zaps a wand.
The bolt of dispelling energy misses you.
You are too injured to fight recklessly!
You are too injured to fight recklessly!
You claw Sigmund!
Sigmund is moderately wounded.
Sigmund zaps a wand.
The bolt of dispelling energy hits you!
* * * LOW HITPOINT WARNING * * *
The now-empty wand crumbles to dust.
You barely miss Sigmund.
Sigmund is moderately wounded.
Sigmund closely misses you.
It was a potion of magic.
Magic courses through your body.
It was a potion of mutation.
You feel extremely strange.
You feel less energetic.
You feel stronger.
You feel agile. Sigmund completely misses you.
You closely miss Sigmund.
Sigmund is moderately wounded.
Sigmund points at you and mumbles some strange words.
The magic dart hits you.
* * * LOW HITPOINT WARNING * * *
Casting: Blink (safe; 19% risk of failure)
Confirm with . or Enter, or press ? or * to list all spells.
You miscast Blink.
You are very lightly contaminated with residual magic.
Nothing appears to happen.
Sigmund hits you with a +0 scythe!
You die...

##........#
..##.###.<##.#
##.##...#.....#
.........[.###
###....#...$$#
#.....###....#
##.#.#........#
####......#....#.#
#.......@@.†...#.#
#.....##...<.....#
#.......#........#
#.....#.#.........[
#######.#........#.
#.#........#
#.#.....#....
#.†<.#.....##
###..#.##..#


You could see Sigmund.

Vanquished Creatures
  Natasha (D:2)
  A gnoll (D:1)
  A dart slug (D:1)
  4 bats (D:1)
  3 endoplasms (D:1)
  4 giant cockroaches
  4 goblins (D:1)
  2 hobgoblins (D:1)
  2 jackals (D:1)
  2 quokkas (D:1)
  4 ball pythons
  3 frilled lizards (D:1)
  2 kobolds (D:1)
  6 rats (D:1)
39 creatures vanquished.

Notes
Turn   | Place    | Note
-------+----------+-------------------------------------------
     0 | D:1      | javelincjr the Troll Warper began the quest for the Orb.
     0 | D:1      | Reached XP level 1. HP: 19/19 MP: 1/1
   111 | D:1      | Reached XP level 2. HP: 27/27 MP: 2/2
   503 | D:1      | Reached XP level 3. HP: 24/35 MP: 4/4
   924 | D:2      | Noticed Natasha
   924 | D:2      | Noticed Sigmund
   939 | D:1      | Learned a level 2 spell: Blink
  1057 | D:2      | Killed Natasha
  1058 | D:2      | Reached skill level 3 in Unarmed Combat
  1058 | D:2      | Reached XP level 4. HP: 14/42 MP: 5/5
  1089 | D:2      | Gained mutation: Your magical capacity is low. (-10% MP)
                  | [potion of mutation]
  1089 | D:2      | Gained mutation: Your muscles are strong. (Str +4, Int/Dex
                  | -1) [potion of mutation]
  1089 | D:2      | Gained mutation: You are agile. (Dex +4, Str/Int -1)
                  | [potion of mutation]
  1091 | D:2      | Slain by Sigmund

Illustrated notes

Levels and vault maps discovered:
D:1:      ncdulo_watergridlock, layout_loops_corners
D:2:      layout_basic, serial_shops, nicolae_shop_bloodbath_and_beyond,
          uniq_sigmund, uniq_jessica, uniq_natasha

Skill      XL: |  1  2  3 |
---------------+----------+-----
Dodging        | 2 |  2.3
Fighting       | 2 |  2.0
Unarmed Combat | 3 |  3.1
Throwing       | |  0.8
Spellcasting   | |  1.4
Translocations | |  2.5

Action                   |  1- 3 |  4- 6 || total
-------------------------+-------+-------++-------
Melee: Unarmed           |   114 |     3 ||   117
       Punch             |     1 |       ||     1
  Use: Potion            |       |     2 ||     2
Armor: Robe              |    52 |       ||    52
Dodge: Dodged            |    50 |     3 ||    53
